 Dungeon Crawl Stone Soup version 0.30-a0-702-gdf48620a09 (webtiles) character file.

Game seed: 16050362995905468509

119879 kae the Alchemist (level 16, -9/141 (149) HPs)
             Began as a Demonspawn Transmuter on Jan 21, 2023.
             Was an Elder of Ru.
             Mangled by a tentacled starspawn (20 damage)
             ... on level 4 of the Abyss.
             The game lasted 00:28:09 (19487 turns).

kae the Alchemist (Demonspawn Transmuter)          Turns: 19487, Time: 00:28:10

HP:   -9/141 (149)  AC: 33    Str: 12    XL:     16   Next: 28%
MP:   0/30          EV: 29    Int: 19    God:    Ru [****..]
Gold: 1576          SH:  0    Dex: 16    Spells: 8/35 levels left

rFire   . . .      SeeInvis .      - Unarmed
rCold   . . .      Faith    .    (no shield)
rNeg    + . .      Spirit   +    (body armour currently unavailable)
rPois   ∞          Reflect  .    (helmet restricted)
rElec   +          Harm     .    l - +2 cloak
rCorr   .          Rampage  .    (gloves currently unavailable)
Will    +....                    (boots currently unavailable)
Stlth   +                        G - amulet of guardian spirit
HPRegen 0.43/turn                O - +4 ring of protection
MPRegen 0.22/turn                e - +5 ring of evasion

@: agile, exhausted, statue-form, glowing, studying Dodging, drained, unable to
read, unable to drink, very slow
A: slow and powerful, torment resistance 1, boosted hp, antennae 2, hooves 2,
ignite blood 2, powered by pain 1, inability to drink after injury 2, inability
to read after injury 2, hated by all, weakness stinger 2
a: End Transformation, Renounce Religion, Draw Out Power, Power Leap


You were on level 4 of the Abyss.
You worshipped Ru.
Ru was greatly pleased with you.
You were a living statue of rough stone.
You visited 3 branches of the dungeon, and saw 18 of its levels.
You visited the Abyss 2 times.
You visited 1 bazaar.
You also visited: Bailey and Volcano.

You collected 2320 gold pieces.
You spent 744 gold pieces at shops.


Innate Abilities, Weirdness & Mutations

You are a living statue of rough stone.
Your actions are slow, but your melee attacks are powerful.
You are resistant to unholy torment.
Your maximum health is greatly increased.
You are immune to poison.
Your equipment is partially melded.
You have a pair of antennae on your head.
You have hoof-like feet.
Your demonic aura often causes spilled blood to erupt in flames.
You sometimes gain a little power by taking damage.
You sometimes lose the ability to drink potions when taking damage.
You sometimes lose the ability to read scrolls when taking damage.
You are hated by all.
You have a tail ending in a sharp stinger.


   Skills:
 + Level 7.2 Fighting
 + Level 13.0 Dodging
 * Level 12.3 Unarmed Combat
 + Level 10.4 Spellcasting
 * Level 16.4 Transmutations
 - Level 5.2 Ice Magic
 - Level 5.3 Earth Magic
 - Level 1.8 Poison Magic


You had 8 spell levels left.
You knew the following spells:

 Your Spells              Type           Power      Damage    Failure   Level
a - Statue Form           Tmut/Erth      33%        N/A       13%         6
b - Wereblood             Tmut           64%        N/A       0%          2
c - Dragon Form           Tmut           32%        N/A       7%          7
d - Ice Form              Ice/Tmut       50%        N/A       1%          4
e - Blade Hands           Tmut           32%        N/A       1%          5
f - Spider Form           Tmut/Pois      44%        N/A       1%          3

Your spell library contained the following spells:

 Spells                   Type           Power      Damage    Failure   Level
 Beastly Appendage        Tmut           100%       N/A       0%          1
 Petrify                  Tmut/Erth      50%        N/A       1%          4
 Ozocubu's Armour         Ice            29%        N/A       2%          3
 Alistair's Intoxication  Tmut/Pois      29%        N/A       4%          5
 Apportation              Tloc           18%        N/A       7%          1
 Slow                     Hex            36%        N/A       7%          1
 Irradiate                Conj/Tmut      20%        3d18      7%          5
 Cigotuvi's Dreadful Rot  Necr/Pois/Air  24%        N/A       9%          2
 Lesser Beckoning         Tloc           18%        N/A       11%         2
 Confusing Touch          Hex            9%         N/A       22%         3
 Gell's Gravitas          Tloc           9%         N/A       22%         3
 Teleport Other           Tloc           9%         N/A       22%         3
 Vampiric Draining        Necr           9%         2d6       22%         3
 Lee's Rapid Deconstruct  Erth           15%        3d10*     22%         5
 Leda's Liquefaction      Hex/Erth       10%        N/A       24%         4
 Olgreb's Toxic Radiance  Pois           16%        N/A       34%         4
 Dispel Undead            Necr           9%         3d8       56%         4
 Passage of Golubria      Tloc           9%         N/A       56%         4
 Metabolic Englaciation   Hex/Ice        9%         N/A       56%         5
 Silence                  Hex/Air        4%         N/A       89%         5
 Ozocubu's Refrigeration  Ice            14%        4d10      100%        7
 Ignition                 Fire           4%         3d4       100%        8
 Lehudib's Crystal Spear  Conj/Erth      10%        10d4      100%        8
 Simulacrum               Ice/Necr       Unusable   N/A       N/A         6
 Death Channel            Necr           Unusable   N/A       N/A         6

Inventory:

Missiles
 S - 10 stones
Armour
 a - a +1 robe (melded)
 l - a +2 cloak (worn)
   (You found it on level 5 of the Lair of Beasts)
 D - the +2 pair of gloves of Dust Devil (melded) {rC+ Will+}
   (You found it in a bailey)

   rC:        It protects you from cold.
   Will:      It increases your willpower.
Magical Staves
 x - a staff of cold {!a}
   (You found it on level 7 of the Dungeon)
 I - a staff of fire {!a}
   (You found it on level 7 of the Dungeon)
Jewellery
 c - a ring of ice
   (You found it on level 2 of the Lair of Beasts)
 e - a +5 ring of evasion (right fist)
   (You took it off an orc on level 5 of the Dungeon)
 f - a ring of protection from fire
   (You found it on level 5 of the Lair of Beasts)
 g - an amulet of regeneration
   (You found it on level 7 of the Dungeon)
 A - an amulet of the acrobat
   (You found it on level 3 of the Dungeon)
 C - a ring of protection from cold
   (You found it in a bailey)
 E - a +5 ring of evasion
   (You found it on level 2 of the Dungeon)
 F - a ring of protection from fire
   (You found it on level 4 of the Lair of Beasts)
 G - an amulet of guardian spirit (around neck)
   (You found it on level 1 of the Dungeon)
 H - an amulet of magic regeneration
   (You found it on level 4 of the Lair of Beasts)
 K - a ring of willpower
   (You found it on level 5 of the Lair of Beasts)
 L - a ring of flight
   (You found it on level 6 of the Dungeon)
 N - a ring of positive energy
   (You found it on level 6 of the Dungeon)
 O - a +4 ring of protection (left fist)
   (You found it on level 1 of the Dungeon)
 P - a ring of poison resistance
   (You found it on level 6 of the Dungeon)
 R - a ring of resist corrosion
   (You found it on level 7 of the Dungeon)
 T - an amulet of reflection
   (You took it off a wight on level 9 of the Dungeon)
 Z - a ring of willpower
   (You found it on level 3 of the Lair of Beasts)
Wands
 p - a wand of digging (16)
   (You found it on level 3 of the Lair of Beasts)
 v - a wand of acid (5)
   (You found it on level 6 of the Dungeon)
 X - a wand of roots (6)
   (You found it on level 1 of the Lair of Beasts)
Scrolls
 j - 4 scrolls of fear
 m - 2 scrolls of silence {!r}
 n - 2 scrolls of blinking {!r}
 s - 3 scrolls of fog
 u - 5 scrolls of enchant weapon
 w - 3 scrolls of poison {!r}
 y - 2 scrolls of vulnerability {!r!r}
 V - 9 scrolls of teleportation {@r4}
Potions
 b - 4 potions of lignification {!q}
 d - 4 potions of brilliance
 h - 6 potions of heal wounds {@q2}
 i - 6 potions of mutation {!q}
 k - 9 potions of curing {@q1}
 o - a potion of berserk rage {!q}
 q - 6 potions of might
 r - a potion of magic
 t - 2 potions of ambrosia
 z - 2 potions of invisibility
 B - 4 potions of haste {@q3}
 M - 6 potions of resistance
 U - 2 potions of flight
 Y - 4 potions of attraction {!q}
Miscellaneous
 J - a condenser vane
   (You found it on level 7 of the Dungeon)
 Q - a phial of floods
   (You found it on level 5 of the Lair of Beasts)
 W - a lightning rod (4/4)
   (You found it on level 11 of the Dungeon)

Dungeon Overview and Level Annotations

Branches:
Dungeon (12/15) Zot: 26293  Temple (1/1) D:5 Zot: 5822    Lair (5/5) D:10 Zot: 23857
  Swamp (0/4) Lair:3        Snake (0/4) Lair:3        Slime (0/5) Lair:5
    Orc (0/2) D:9          Bailey (visited)         Volcano (visited)

Altars:
Ashenzari
Cheibriados
Dithmenos
Gozag
Kikubaaqudgha
Makhleb
Nemelex Xobeh
Okawaru
Qazlal
Ru
Sif Muna
Trog
Uskayaw
Vehumet
Wu Jian
Xom

Shops:
D:1 *   D:6 !

Annotations:
D:10 2 transporters

. ##.#. .# # #
##. # .. ##.. .#
. #..#
..###...##.# .
.#...##
#....Z.##.###
#.#.....#..#.{..
. #. .#..#
...###.. .
..#...###.#.# . .
#
..#....*.#w#....
##
#.#.##ZA8Xw....#.
. .. #
#.####.####. #..
# #. {.# # . ##


You could see a daeva (blind), a tentacled starspawn, a wretched star, 2
starspawn tentacles and a dire elephant skeleton.


Message History

You take 11 damage, and now have 72/149 hp.
You regained 8 mp, and now have 23/30 mp.
You hit the blizzard demon.
You kick the blizzard demon, but do no damage.
The blizzard demon gestures at you. The bolt of cold misses you.
The dire elephant skeleton is engulfed in freezing vapours.
The daeva calls down the wrath of the Shining One upon you.
The Shining One smites you!
* * * LOW HITPOINT WARNING * * *
You redirect the blizzard demon's attack!
The blizzard demon hits itself!
The blizzard demon dies!
A tentacled starspawn comes into view. 😨 HP[-11] MP[-3]
You take 11 damage, and now have 61/149 hp.
You lost 3 mp, and now have 20/30 mp.
You hit the dire elephant skeleton.
You kick the dire elephant skeleton, but do no damage.
You tail-slap the dire elephant skeleton, but do no damage.
You punch the dire elephant skeleton, but do no damage.
The substance of the Abyss twists violently, and a gateway leading out appears!
The dire elephant skeleton tramples you.
* * * LOW HITPOINT WARNING * * *
You hold your ground!
You pummel the dire elephant skeleton!!
You kick the dire elephant skeleton, but do no damage.
The dire elephant skeleton tramples you but does no damage.
The daeva calls down the wrath of the Shining One upon you.
The Shining One smites you!
* * * LOW HITPOINT WARNING * * *
😨 HP[-7] MP[-2]
You take 7 damage, and now have 54/149 hp.
You lost 2 mp, and now have 18/30 mp.
The daeva blocks your attack.
You kick the daeva, but do no damage.
The dire elephant skeleton completely misses you.
A wretched star comes into view.
The daeva misses you.
The daeva completely misses you. 😨 HP[+1]
You hit the daeva.
The dire elephant skeleton closely misses you.
The daeva hits you with a +3 scimitar of holy wrath.
* * * LOW HITPOINT WARNING * * *
You convulse.
* * * LOW HITPOINT WARNING * * *
The daeva hits you but does no damage. 😨 HP[-6] MP[-2]
You take 6 damage, and now have 49/149 hp.
You lost 2 mp, and now have 16/30 mp.
You pummel the daeva!! The daeva blocks your attack.
Your tail-slap misses the daeva.
You redirect the wretched star's attack!
A small abomination comes into view.
The dire elephant skeleton tramples you!
* * * LOW HITPOINT WARNING * * *
You hold your ground!
The daeva hits you with a +3 scimitar of holy wrath!
* * * LOW HITPOINT WARNING * * *
You convulse!
* * * LOW HITPOINT WARNING * * *
The daeva hits you but does no damage. 😱 HP[-29] MP[-10]
You take 29 damage, and now have 20/149 hp.
You lost 10 mp, and now have 6/30 mp.
You are restored by drawing out deep reserves of power within.
You feel drained.
Tentacles burst from the starspawn's body!
The daeva hits you but does no damage.
The daeva hits you with a +3 scimitar of holy wrath!
* * * LOW HITPOINT WARNING * * *
You convulse!
* * * LOW HITPOINT WARNING * * *
You focus your inner power and blind the daeva in retribution! 2 starspawn tentacles come into view.
You barely miss the daeva.
You tail-slap the daeva, but do no damage.
The daeva completely misses you. The daeva hits you but does no damage.
A large abomination comes into view.
The wretched star glows turbulently.
The lance of force hits you but does no damage.
The daeva is stunned by your conviction and fails to attack. 😱 HP[+9] MP[+4]
You now have 141 max hp (-8).
You regained 9 hp, and now have 29/141 hp.
You regained 4 mp, and now have 10/30 mp.
Unknown command.
You hit the daeva but do no damage. You kick the daeva, but do no damage.
Your tail-slap misses the daeva.
The tentacled starspawn bites you!
* * * LOW HITPOINT WARNING * * *
The tentacled starspawn tentacle-slaps you.
* * * LOW HITPOINT WARNING * * *
The daeva calls down the wrath of the Shining One upon you.
The Shining One smites you!
* * * LOW HITPOINT WARNING * * *
😱 HP[-18] MP[-7]
You take 18 damage, and now have 11/141 hp.
You lost 7 mp, and now have 3/30 mp.
You barely miss the daeva. You kick the daeva, but do no damage.
The tentacled starspawn bites you!!
You die...

Skill      XL: |  1  2  3  4  5  6  7  8  9 10 11 12 13 14 15 16 |
---------------+-------------------------------------------------+-----
Transmutations | 2 3 4 5 6 8 12 13 14 15 16 | 16.4
Unarmed Combat | 3 4 5 6 7 8 10 11 12 | 12.3
Poison Magic   | 1 |  1.8
Spellcasting   | 3 4 5 6 7 8 9 10 | 10.4
Ice Magic      | 2 3 5 |  5.2
Dodging        | 2 5 6 7 9 11 12 13 | 13.0
Fighting       | 2 4 5 6 7 |  7.2
Earth Magic    | 5 |  5.3

Action                   |  1- 3 |  4- 6 |  7- 9 | 10-12 | 13-15 | 16-18 || total
-------------------------+-------+-------+-------+-------+-------+-------++-------
Melee: Unarmed           |    72 |   104 |   214 |   347 |   377 |    95 ||  1209
       Kick              |    18 |    10 |    12 |   121 |    49 |     9 ||   219
       Punch             |     2 |     1 |     1 |    21 |    43 |    10 ||    78
       Headbutt          |     6 |     8 |       |       |       |       ||    14
       Tailslap          |       |     4 |     4 |    52 |    72 |    28 ||   160
       Bite              |       |       |       |       |    35 |    22 ||    57
 Cast: Beastly Appendage |    17 |    16 |       |       |       |       ||    33
       Spider Form       |     1 |     7 |    12 |       |       |       ||    20
       Ice Form          |       |     1 |    15 |     7 |     1 |       ||    24
       Wereblood         |       |       |     7 |    13 |     8 |     1 ||    29
       Blade Hands       |       |       |     2 |    45 |     6 |       ||    53
       Dragon Form       |       |       |       |     2 |    27 |     6 ||    35
       Statue Form       |       |       |       |       |     5 |     2 ||     7
Invok: Reject Sacrifices |       |       |     1 |       |     1 |       ||     2
       Sacrifice Love    |       |       |       |     1 |       |       ||     1
       Draw Out Power    |       |       |       |       |     2 |     1 ||     3
       Sacrifice Words   |       |       |       |       |     1 |       ||     1
       Sacrifice Drink   |       |       |       |       |     1 |       ||     1
       Power Leap        |       |       |       |       |       |     1 ||     1
 Abil: End Transformatio |       |       |     1 |     1 |     1 |       ||     3
       Breathe Fire      |       |       |       |       |     3 |       ||     3
Evoke: Wand              |       |       |       |     1 |       |       ||     1
       Condenser vane    |       |       |       |     1 |       |       ||     1
  Use: Scroll            |     3 |     7 |     4 |     9 |     4 |       ||    27
       Potion            |       |       |     3 |     4 |     1 |       ||     8
 Stab: Sleeping          |     1 |     1 |     2 |       |       |       ||     4
       Invisible         |       |       |       |     1 |     2 |     1 ||     4
       Distracted        |       |       |       |       |     4 |       ||     4
Armor: Robe              |     5 |     3 |       |    42 |     5 |       ||    55
       Skin              |     1 |     8 |    44 |    19 |   189 |    40 ||   301
Dodge: Dodged            |    49 |    79 |   162 |   294 |   478 |    64 ||  1126

Levels and vault maps discovered:
D:1:      dpeg_arrival_long_road, layout_basic, serial_shops,
          nicolae_shop_temple_entry_statues_fountains, chequers_big_river,
          minmay_pentomino_s2
D:2:      layout_rooms, minmay_bisected
D:3:      layout_rooms, lemuel_round_altar, amcnicky_mini_corridor_feature
D:4:      layout_basic, minmay_cut_off
D:5:      layout_rooms, minmay_temple_entry_offerings, reono_crystal_passage,
          minmay_misc_feat_more_columns, kennysheep_cluttered_room
D:6:      layout_loops_corners, serial_shops, shop_coins,
          minmay_tree_intersection, minmay_misc_feat_hallway,
          minmay_manual_monolith
D:7:      layout_cave_pods, pdpol_wu_jian_five_deadly_venoms, enter_bailey_3,
          minmay_the_grid_2x2 [minmay_the_grid_slots,
          minmay_the_grid_diamond_grid, minmay_the_grid_holed_spiral,
          minmay_the_grid_prize_diamond_cup]
D:8:      layout_loops_cross, nicolae_yredelemnul_ghost_church,
          mainiacjoe_overflow_surrounded_room
D:9:      layout_cave_pools, kennysheep_orc_monster_closet_entryway,
          grunt_ministairs_4, uniq_erolcha
D:10:     gammafunk_beogh_shrine, layout_basic, grunt_temple_overflow_open,
          lair_entry_dummy, serial_park_tiny_2, minmay_fountain_box,
          uniq_maurice, uniq_lodul
D:11:     layout_basic, serial_shops, bzr_entry_road, minmay_lindwurm_lava
D:12:     minmay_wizard_corner, layout_long_grid
Temple:   cyrus_temple_forest
Lair:1:   layout_regular_city, serial_bayou_shore_b
Lair:2:   nzn_winding_woodlands_huge [nzn_winding_woodlands_5x15_cabin,
          nzn_winding_woodlands_5x15_garden, nzn_winding_woodlands_5x15_default,
          nzn_winding_woodlands_5x15_jagged,
          nzn_winding_woodlands_5x15_pathside_ponds,
          nzn_winding_woodlands_5x15_lazy_stream,
          nzn_winding_woodlands_5x15_concentric,
          nzn_winding_woodlands_5x15_split_checker,
          nzn_winding_woodlands_5x15_eye, nzn_winding_woodlands_5x15_zeroes,
          nzn_winding_woodlands_center_pierced_h,
          nzn_winding_woodlands_center_garden,
          nzn_winding_woodlands_15x15_killbox], layout_loops_ring
Lair:3:   layout_gridlike, swamp_mist, dummy_snake_entry
Lair:4:   layout_small_grid, forest_entry_grove, grunt_megastairs_3
Lair:5:   gammafunk_lair_ancient_temple, layout_gridlike,
          minmay_slime_entry_pillars, enter_volcano_2, st_stairs_6,
          serial_bayou_shore_b, uniq_nessos, uniq_josephine
Abyss:4:  base: Lair:3, nicolae_abyss_rune_left_handed, evilmike_abyss_exit_7

Notes
Turn   | Place    | Note
-------+----------+-------------------------------------------
     0 | D:1      | kae the Demonspawn Transmuter began the quest for the Orb.
     0 | D:1      | Reached XP level 1. HP: 15/15 MP: 3/3
     0 | D:1      | magus.rc [v1.11.3]
   112 | D:1      | Found Detent's Assorted Antiques.
   161 | D:1      | Reached skill level 2 in Transmutations
   315 | D:1      | Gained mutation: Your demonic aura sometimes causes spilled
                  | blood to erupt in flames. [demonic ancestry]
   315 | D:1      | Reached XP level 2. HP: 16/21 MP: 1/5
   930 | D:2      | Reached skill level 3 in Unarmed Combat
   946 | D:2      | Gained mutation: Your demonic aura often causes spilled
                  | blood to erupt in flames. [demonic ancestry]
   946 | D:2      | Reached XP level 3. HP: 15/26 MP: 2/6
   954 | D:2      | Learned a level 2 spell: Wereblood
   958 | D:2      | Learned a level 3 spell: Spider Form
  1141 | D:2      | You fall into a shaft and drop 2 floors!
  1173 | D:4      | Reached skill level 3 in Transmutations
  1173 | D:4      | Reached XP level 4. HP: 28/32 MP: 4/7
  1413 | D:2      | Reached skill level 1 in Poison Magic
  1649 | D:3      | Noticed a scorpion
  1656 | D:3      | Killed a scorpion
  1657 | D:3      | You feel monstrous as your demonic heritage exerts itself.
  1657 | D:3      | Discovered your monstrous ancestry.
  1657 | D:3      | Gained mutation: You have a small tail. [demonic ancestry]
  1657 | D:3      | Reached XP level 5. HP: 21/37 MP: 2/9
  2041 | D:3      | You pick up a book of Displacement and begin reading...
  2041 | D:3      | You add the spells Lesser Beckoning, Gell's Gravitas and
                  | Teleport Other to your library.
  2409 | D:4      | Reached skill level 3 in Spellcasting
  2415 | D:4      | Learned a level 4 spell: Ice Form
  2595 | D:4      | You pick up a book of Decay and begin reading...
  2595 | D:4      | You add the spells Cigotuvi's Dreadful Rot, Dispel Undead
                  | and Death Channel to your library.
  2926 | D:5      | Entered Level 5 of the Dungeon
  2934 | D:5      | Found a staircase to the Ecumenical Temple.
  2943 | D:5      | You pick up a book of Party Tricks and begin reading...
  2943 | D:5      | You add the spells Apportation and Alistair's Intoxication
                  | to your library.
  2959 | Temple   | Entered the Ecumenical Temple
  3075 | Temple   | Became a worshipper of Ru the Awakened
  3141 | D:5      | Reached skill level 4 in Transmutations
  3141 | D:5      | Gained mutation: You have a tail ending in a sharp stinger.
                  | [demonic ancestry]
  3141 | D:5      | Reached XP level 6. HP: 43/43 MP: 5/10
  3150 | D:5      | Reached skill level 1 in Ice Magic
  3432 | D:5      | Reached skill level 4 in Unarmed Combat
  3432 | D:5      | Reached skill level 2 in Ice Magic
  3432 | D:5      | Reached XP level 7. HP: 41/48 MP: 2/12
  3840 | D:5      | Reached skill level 5 in Transmutations
  4237 | D:6      | Reached skill level 3 in Ice Magic
  4343 | D:6      | Found Topasm's Distillery.
  4358 | D:6      | Bought a potion of might for 44 gold pieces
  4358 | D:6      | Bought a potion of ambrosia for 88 gold pieces
  4377 | D:6      | Reached skill level 4 in Spellcasting
  4377 | D:6      | Gained mutation: You have large cloven feet. [demonic
                  | ancestry]
  4377 | D:6      | Reached XP level 8. HP: 54/54 MP: 5/14
  4558 | D:6      | Identified the +0 leather armour "Esumaek" {Str+9 Dex-2
                  | SInv}
  4621 | D:6      | Reached skill level 4 in Ice Magic
  4713 | D:6      | Reached skill level 6 in Transmutations
  4811 | D:6      | Reached skill level 5 in Unarmed Combat
  4879 | D:6      | You pick up a book of Transfigurations and begin reading...
  4879 | D:6      | You add the spells Irradiate, Blade Hands and Dragon Form
                  | to your library.
  4885 | D:6      | You pick up a book of the Moon and begin reading...
  4885 | D:6      | You add the spells Passage of Golubria, Silence and
                  | Lehudib's Crystal Spear to your library.
  4967 | D:6      | Reached skill level 2 in Dodging
  5109 | D:6      | Reached skill level 5 in Ice Magic
  5217 | D:6      | Reached XP level 9. HP: 59/59 MP: 9/16
  5223 | D:6      | Learned a level 5 spell: Blade Hands
  5719 | D:7      | Reached skill level 3 in Dodging
  5750 | D:7      | Reached skill level 5 in Spellcasting
  5750 | D:7      | Reached skill level 7 in Transmutations
  5782 | D:7      | Found an ornate altar of the Wu Jian Council.
  5835 | D:7      | Found a flagged portal.
  5843 | Bailey   | Entered a bailey
  5888 | Bailey   | Noticed an orc knight
  5901 | Bailey   | Killed an orc knight
  5902 | Bailey   | Reached skill level 4 in Dodging
  6030 | Bailey   | Noticed an orc knight
  6042 | Bailey   | Killed an orc knight
  6043 | Bailey   | Reached skill level 5 in Dodging
  6043 | Bailey   | Reached skill level 6 in Unarmed Combat
  6043 | Bailey   | Reached skill level 8 in Transmutations
  6111 | Bailey   | Noticed an orc knight
  6118 | Bailey   | Gained mutation: You sometimes gain a little power by
                  | taking damage. [demonic ancestry]
  6118 | Bailey   | Reached XP level 10. HP: 65/65 MP: 10/18
  6121 | Bailey   | Killed an orc knight
  6122 | Bailey   | Reached skill level 6 in Spellcasting
  6289 | Bailey   | Noticed an orc warlord
  6309 | Bailey   | Killed an orc warlord
  6310 | Bailey   | Reached skill level 6 in Dodging
  6310 | Bailey   | Reached skill level 9 in Transmutations
  6380 | Bailey   | Identified the +2 pair of gloves of Dust Devil {rC+ Will+}
  6390 | Bailey   | Reached skill level 12 in Transmutations
  6390 | Bailey   | Gained mutation: You have a pair of small antennae on your
                  | head. [demonic ancestry]
  6390 | Bailey   | Reached XP level 11. HP: 70/70 MP: 20/20
  6399 | Bailey   | Learned a level 7 spell: Dragon Form
  7059 | D:7      | You pick up a book of Changes and begin reading...
  7665 | D:8      | Found a hazy altar of Hepliaklqana.
  7737 | D:8      | Found a runed translucent gate.
  7737 | D:8      | Found a runed translucent gate.
  7737 | D:8      | Found a runed translucent gate.
  7737 | D:8      | Noticed eyesofgods1's ghost (novice DsCj)
  7740 | D:8      | Found a basalt altar of Yredelemnul.
  7775 | D:8      | Killed eyesofgods1's ghost
  7776 | D:8      | Reached skill level 7 in Dodging
  7776 | D:8      | Reached skill level 7 in Unarmed Combat
  8240 | D:9      | Noticed Erolcha
  8250 | D:9      | Killed Erolcha
  8627 | D:9      | Reached skill level 7 in Spellcasting
  8938 | D:9      | Found a staircase to the Orcish Mines.
  8974 | D:9      | Reached skill level 13 in Transmutations
  9097 | D:10     | Entered Level 10 of the Dungeon
  9112 | D:10     | Reached XP level 12. HP: 76/76 MP: 16/22
  9116 | D:10     | Reached skill level 8 in Dodging
  9275 | D:10     | Found a transporter.
  9277 | D:10     | Noticed an orc high priest
  9279 | D:10     | Found a transporter.
  9284 | D:10     | Noticed a two-headed ogre
  9284 | D:10     | Noticed an orc high priest
  9285 | D:10     | Noticed an orc warlord
  9366 | D:10     | Found a staircase to the Lair.
  9370 | D:10     | You pick up a book of Debilitation and begin reading...
  9370 | D:10     | You add the spells Slow, Vampiric Draining and Confusing
                  | Touch to your library.
  9454 | D:10     | Noticed Lodul
  9703 | D:10     | Noticed Maurice
  9726 | D:10     | Killed Maurice
 10023 | D:10     | Killed Lodul
 10180 | D:10     | Found a blossoming altar of Fedhas.
 10181 | D:10     | Found a hide-covered altar of Uskayaw.
 10181 | D:10     | Found a shadowy altar of Dithmenos.
 10181 | D:10     | Found a shimmering blue altar of Sif Muna.
 10182 | D:10     | Found an opulent altar of Gozag.
 10182 | D:10     | Found an ancient bone altar of Kikubaaqudgha.
 10182 | D:10     | Found a stormy altar of Qazlal.
 10190 | D:10     | Gained mutation: You are hated by all. [Ru sacrifice]
 10190 | D:10     | Reached * piety under Ru
 10190 | D:10     | Reached ** piety under Ru
 10319 | D:11     | Found a flickering gateway to a bazaar.
 10327 | Bazaar   | Entered a bazaar
 10327 | Bazaar   | Found Iwnar's Magic Scroll Shoppe.
 10337 | Bazaar   | Found Dataj's General Store.
 10358 | Bazaar   | Found Xissifa's Book Shoppe.
 10366 | Bazaar   | Bought a book of the Earth for 612 gold pieces
 10366 | Bazaar   | You pick up a book of the Earth and begin reading...
 10366 | Bazaar   | You add the spells Leda's Liquefaction, Lee's Rapid
                  | Deconstruction and Statue Form to your library.
 10379 | Bazaar   | Found Cuatuosk's Book Shoppe.
 11112 | D:11     | Reached skill level 9 in Dodging
 11112 | D:11     | Reached skill level 8 in Unarmed Combat
 11121 | D:11     | You pick up a book of Winter and begin reading...
 11121 | D:11     | You add the spells Ozocubu's Armour and Metabolic
                  | Englaciation to your library.
 11169 | D:11     | Identified the +7 falchion "Qiptebbo" {vamp, Int+4 Dex+5
                  | Stlth-}
 11779 | Lair:1   | Entered Level 1 of the Lair of Beasts
 12070 | Lair:1   | You pick up a book of Sloth and begin reading...
 12526 | Lair:1   | Reached skill level 8 in Spellcasting
 13014 | Lair:2   | Reached skill level 14 in Transmutations
 13433 | Lair:2   | Reached skill level 2 in Fighting
 13675 | Lair:2   | Reached XP level 13. HP: 29/84 MP: 12/25
 13676 | Lair:2   | HP: 21/84 [poisoned by a cane toad]
 13681 | Lair:2   | HP: 11/84 [poisoned by a cane toad]
 13686 | Lair:2   | HP: 8/84 [poisoned by a cane toad]
 13721 | Lair:2   | Gained mutation: You occasionally lose the ability to read
                  | scrolls when taking damage. [Ru sacrifice]
 13721 | Lair:2   | Gained mutation: You sometimes lose the ability to read
                  | scrolls when taking damage. [Ru sacrifice]
 13721 | Lair:2   | Reached *** piety under Ru
 13918 | Lair:2   | Identified the +0 helmet of Quiklung {rC- MP+9 Str+5 SInv}
 14014 | Lair:2   | Reached skill level 10 in Dodging
 14027 | Lair:2   | Reached skill level 9 in Unarmed Combat
 14252 | Lair:2   | Reached skill level 3 in Fighting
 14311 | Lair:2   | You pick up a book of Changes and begin reading...
 14631 | Lair:3   | Reached skill level 4 in Fighting
 14740 | Lair:3   | You add the spells Olgreb's Toxic Radiance, Ozocubu's
                  | Refrigeration and Ignition to your library.
 14853 | Lair:3   | Reached skill level 9 in Spellcasting
 14859 | Lair:3   | Found a staircase to the Snake Pit.
 14870 | Lair:3   | Reached skill level 10 in Unarmed Combat
 14880 | Lair:3   | Reached skill level 11 in Dodging
 14886 | Lair:3   | Reached skill level 15 in Transmutations
 15164 | Lair:3   | Found a staircase to the Swamp.
 15380 | Lair:4   | Identified a scroll of acquirement
 15381 | Lair:4   | Acquired 619 gold pieces
 15549 | Lair:4   | Learned a level 6 spell: Statue Form
 15660 | Lair:4   | Gained mutation: You occasionally lose the ability to drink
                  | potions when taking damage. [Ru sacrifice]
 15660 | Lair:4   | Gained mutation: You sometimes lose the ability to drink
                  | potions when taking damage. [Ru sacrifice]
 15660 | Lair:4   | Reached **** piety under Ru
 15925 | Lair:4   | Gained mutation: You have hoof-like feet. [demonic
                  | ancestry]
 15925 | Lair:4   | Reached XP level 14. HP: 96/96 MP: 19/27
 16654 | Lair:5   | Entered Level 5 of the Lair of Beasts
 16666 | Lair:5   | Reached skill level 5 in Fighting
 16670 | Lair:5   | Noticed Nessos
 16755 | Lair:5   | Killed Nessos
 16756 | Lair:5   | Reached skill level 11 in Unarmed Combat
 16860 | Lair:5   | Reached skill level 12 in Dodging
 16906 | Lair:5   | Found a dark tunnel.
 16913 | Volcano  | Entered a volcano
 16971 | Volcano  | Reached skill level 5 in Earth Magic
 16971 | Volcano  | Gained mutation: You have a pair of antennae on your head.
                  | [demonic ancestry]
 16971 | Volcano  | Reached XP level 15. HP: 105/105 MP: 22/28
 17292 | Lair:5   | Reached skill level 6 in Fighting
 17406 | Lair:5   | Found a staircase to the Slime Pits.
 17456 | Lair:5   | Identified the +6 sling "Siuwn" {antimagic, rElec rC++
                  | Str-3 Int+2}
 17496 | Lair:5   | Noticed Josephine
 17504 | Lair:5   | Killed Josephine
 18613 | D:12     | You are cast into the Abyss!
 18613 | Abyss:3  | Cast into level 3 of the Abyss (a wizard)
 18680 | Abyss:3  | Reached skill level 10 in Spellcasting
 18718 | Abyss:3  | Reached skill level 16 in Transmutations
 18755 | Abyss:3  | Found a corrupted altar of Lugonu.
 18794 | Abyss:3  | Reached XP level 16. HP: 113/113 MP: 18/30
 18825 | Abyss:3  | Noticed a bone dragon
 18839 | Abyss:3  | Paralysed by accursed screaming for 2 turns
 18846 | D:12     | You pass through the gate.
 18846 | D:12     | Escaped the Abyss
 18847 | D:12     | HP: 39/169 [bone dragon (20)]
 18849 | D:12     | Killed a bone dragon
 18850 | D:12     | Reached skill level 12 in Unarmed Combat
 19144 | D:12     | Reached skill level 7 in Fighting
 19149 | D:12     | You are cast into the Abyss!
 19149 | Abyss:3  | Cast into level 3 of the Abyss (a wizard)
 19238 | Abyss:3  | Noticed a bone dragon
 19249 | Abyss:3  | Killed a bone dragon
 19255 | Abyss:3  | Found a corrupted altar of Lugonu.
 19366 | Abyss:3  | Noticed a tentacled starspawn
 19367 | Abyss:3  | Found a corrupted altar of Lugonu.
 19374 | Abyss:3  | Killed a tentacled starspawn
 19375 | Abyss:3  | Reached skill level 13 in Dodging
 19478 | Abyss:4  | Noticed a tentacled starspawn
 19483 | Abyss:4  | HP: 33/149 [daeva/+3 scimitar of holy wrath (11)]
 19486 | Abyss:4  | HP: 11/141 [daeva/divine providence (11)]
 19487 | Abyss:4  | Mangled by a tentacled starspawn

Vanquished Creatures
  2 bone dragons
  A tentacled starspawn (Abyss:3)
  An orc warlord (Bailey)
  Nessos (Lair:5)
  An eidolon (Abyss:3)
  A blizzard demon (Abyss:3)
  Josephine (Lair:5)
  A rakshasa (Abyss:3)
  6 hydras
  Erolcha (D:9)
  3 boulder beetles
  A merfolk avatar (Lair:5)
  A catoblepas (Lair:2)
  4 death yaks
  The ghost of eyesofgods1 the Destroyer, a novice DsCj of Vehumet (D:8)
  6 thrashing horrors (Abyss:3)
  A wretched star (Abyss:3)
  A shadow demon (Abyss:3)
  Lodul (D:10)
  A glowing orange brain (Abyss:4)
  A sea snake (Lair:5)
  6 wizards (D:12)
  A harpy (Lair:5)
  6 lindwurms
  3 orc knights (Bailey)
  A mana viper (Abyss:3)
  An ugly thing (D:12)
  2 cyclopes (D:11)
  A worldbinder (Abyss:3)
  A manticore (Lair:5)
  14 elephants
  Maurice (D:10)
  A molten gargoyle (Volcano)
  A smoke demon (Abyss:3)
  6 black mambas
  20 cane toads
  2 torpor snails
  8 rime drakes
  2 gargoyles
  An efreet (Abyss:3)
  10 komodo dragons
  2 ancient zymes (Abyss:3)
  4 trolls
  A hornet (Lair:5)
  10 polar bears
  2 hellwings (Abyss:3)
  6 raiju (Abyss:3)
  5 dream sheep (Lair:5)
  17 blink frogs
  2 small abominations (Abyss:3)
  A spriggan (Lair:4)
  2 slime creatures
  24 yaks
  A shadow (D:10)
  7 fire bats
  A fire elemental (Volcano)
  6 wraiths
  3 wyverns
  A ynoxinul (Abyss:3)
  7 basilisks
  4 steam dragons
  3 large abominations (Abyss:3)
  21 water moccasins
  17 orc warriors
  5 black bears
  8 ogres
  5 wolves
  2 sky beasts
  2 centaurs
  2 phantoms (D:6)
  6 kobold brigands
  2 necrophages
  10 bullfrogs
  A wyvern zombie (D:8)
  5 gnoll sergeants
  2 scorpions
  13 wights
  3 killer bees (D:5)
  11 howler monkeys
  5 hounds
  5 jellies
  A centaur zombie (D:8)
  A gnoll bouda (D:6)
  5 orc priests
  12 starcursed masses (Abyss:3)
  An iguana (D:5)
  7 orc wizards
  19 gnolls
  5 adders
  4 shadow imps
  4 white imps
  2 ufetubi
  5 dart slugs
  3 worms
  38 orcs
  6 endoplasms
  2 giant cockroaches
  19 goblins
  10 hobgoblins
  4 jackals (D:4)
  3 quokkas
  7 ball pythons
  3 bats
  A frilled lizard (D:2)
  18 kobolds
  3 rats
  A bush (Lair:5)
543 creatures vanquished.

Vanquished Creatures (others)
  A blizzard demon (Abyss:4)
  A hydra (Lair:5)
  A harpy (Lair:5)
  A gargoyle (Volcano)
  A basilisk (Lair:2)
  24 fungi
  31 plants
  2 starspawn tentacles (Abyss:3)
62 creatures vanquished.

Grand Total: 605 creatures vanquished

Table legend:
 A = Non-vault XP
 B = Vault XP
 C = Vault XP percentage of total XP
 D = Non-vault monster count
 E = Vault monster count
 F = Vault count percentage of total count
                 A         B        C        D         E       F
            +---------+---------+-------+---------+---------+-------
      Total |   69117 |   48965 |  41.5 |     345 |     201 |  36.8
            +---------+---------+-------+---------+---------+-------
        D:1 |      22 |       1 |   4.3 |      12 |       1 |   7.7
        D:2 |      40 |      30 |  42.9 |      15 |       4 |  21.1
        D:3 |     117 |       0 |   0.0 |      15 |       0 |   0.0
        D:4 |     131 |      21 |  13.8 |      14 |       5 |  26.3
        D:5 |     673 |       0 |   0.0 |      16 |       0 |   0.0
        D:6 |    1668 |     179 |   9.7 |      27 |       3 |  10.0
        D:7 |     319 |    1230 |  79.4 |       8 |      14 |  63.6
        D:8 |     301 |     933 |  75.6 |      10 |       3 |  23.1
        D:9 |     804 |    2888 |  78.2 |      26 |      28 |  51.9
       D:10 |    1638 |    1932 |  54.1 |      23 |       8 |  25.8
       D:11 |    1444 |    2624 |  64.5 |       4 |       4 |  50.0
       D:12 |    3617 |    3838 |  51.5 |       5 |       6 |  54.5
     Lair:1 |    2637 |       0 |   0.0 |      11 |       0 |   0.0
     Lair:2 |    3099 |   16643 |  84.3 |      15 |      44 |  74.6
     Lair:3 |    8194 |       0 |   0.0 |      27 |       0 |   0.0
     Lair:4 |    6241 |    2426 |  28.0 |      23 |      12 |  34.3
     Lair:5 |   16832 |    8855 |  34.5 |      40 |      21 |  34.4
    Abyss:3 |   19993 |    1741 |   8.0 |      52 |       2 |   3.7
    Abyss:4 |    1347 |       0 |   0.0 |       2 |       0 |   0.0
     Bailey |       0 |    4556 | 100.0 |       0 |      43 | 100.0
    Volcano |       0 |    1068 | 100.0 |       0 |       3 | 100.0
            +---------+---------+-------+---------+---------+-------

Illustrated notes

Table legend:
 A = Kills in this place as a percentage of kills in entire the game.
 B = Kills by you in this place as a percentage of kills by you in the entire game.
 C = Kills by friends in this place as a percentage of kills by friends in the entire game.
 D = Other kills in this place as a percentage of other kills in the entire game.
 E = Experience gained in this place as a percentage of experience gained in the entire game.
 F = Experience gained in this place divided by the number of levels of this place that you have seen.
                   A       B       C       D       E      F
               +-------+-------+-------+-------+-------+----------------------
         Total | 100.0 | 100.0 |   N/A | 100.0 | 100.0 | 4920.1
       Dungeon |  46.0 |  46.1 |   N/A |  33.3 |  20.7 | 2037.5
          Lair |  35.3 |  35.2 |   N/A |  50.0 |  55.0 | 12985.4
         Abyss |  10.3 |  10.2 |   N/A |  16.7 |  19.5 | 7693.7
        Bailey |   7.9 |   8.0 |   N/A |   0.0 |   3.9 | 4556.0
       Volcano |   0.5 |   0.6 |   N/A |   0.0 |   0.9 | 1068.0
               +-------+-------+-------+-------+-------+----------------------

Table legend: (Time is in decaauts)
 A = Elapsed time spent in this place.
 B = Non-inter-level travel time spent in this place.
 C = Inter-level travel time spent in this place.
 D = Time resting spent in this place.
 E = Time spent auto-exploring this place.
 F = Levels seen in this place.
 G = Mean time per level.
                   A        B        C        D        E       F      G
               +--------+--------+--------+--------+--------+-----+--------+
         Total |  19497 |  18782 |    715 |    622 |  14702 |  24 |  812.4 |
       Dungeon |  11633 |  11288 |    345 |    450 |   9062 |  12 |  969.4 |
        Temple |    177 |    148 |     29 |     33 |     95 |   1 |  177.0 |
          Lair |   6142 |   5801 |    341 |      8 |   4708 |   5 | 1228.4 |
         Abyss |    557 |    557 |      0 |     51 |    250 |   3 |  185.7 |
        Bazaar |     71 |     71 |      0 |      0 |     55 |   1 |   71.0 |
        Bailey |    596 |    596 |      0 |     80 |    304 |   1 |  596.0 |
       Volcano |    317 |    317 |      0 |      0 |    226 |   1 |  317.0 |
               +--------+--------+--------+--------+--------+-----+--------+

Top non-repeatable levels by time:
  Lair:2: 1857 daAuts
    D:11: 1448 daAuts
     D:6: 1371 daAuts
  Lair:4: 1319 daAuts
    D:10: 1213 daAuts
  Lair:5: 1170 daAuts
     D:7: 1164 daAuts
     D:5: 1101 daAuts
  Lair:1: 1028 daAuts
     D:9: 929 daAuts
     D:1: 849 daAuts
     D:4: 782 daAuts
     D:8: 768 daAuts
  Lair:3: 766 daAuts
    D:12: 704 daAuts
